 Dungeon Crawl Stone Soup version 0.22-a0-32-ga749362bc3 (webtiles) character file.

9673 Infinimo the Impaler (level 11, -4/93 HPs)
             Began as a Merfolk Berserker on Jan 3, 2018.
             Was a High Priest of Trog.
             Slain by a gargoyle
             ... wielding a +0 flail
              (12 damage)
             ... on level 10 of the Dungeon.
             The game lasted 00:19:03 (11110 turns).

Infinimo the Impaler (Merfolk Berserker)           Turns: 11110, Time: 00:19:04

Health: -4/93      AC:  9    Str: 20    XL:     11   Next: 50%
Magic:  20/20      EV: 12    Int:  7    God:    Trog [*****.]
Gold:   66         SH:  0    Dex: 11    Spells: 10/10 levels left

rFire    . . .     SeeInvis +   E - +6 glaive (venom)
rCold    . . .     Gourm    .   (shield currently unavailable)
rNeg     . . .     Faith    .   H - +0 chain mail of Niewug {+Fly rPois Dex-3 Slay+5} (curse)
rPois    +         Spirit   .   u - +0 helmet {SInv}
rElec    .         Reflect  .   (no cloak)
rCorr    .         Harm     +   (no gloves)
MR       .....                  (no boots)
Stlth    ..........             r - amulet of harm
HPRegen  0.25/turn              q - ring of poison resistance
MPRegen  0.17/turn              f - ring of magical power

@: no status effects
A: change form in water, swift swim, stealthy swim
a: Berserk, Trog's Hand, Brothers in Arms, Burn Spellbooks, Renounce Religion,
Evoke Flight


You were on level 10 of the Dungeon.
You worshipped Trog.
Trog was extremely pleased with you.
You were not hungry.

You visited 1 branch of the dungeon, and saw 11 of its levels.
You also visited: Ossuary.

You collected 628 gold pieces.
You spent 562 gold pieces at shops.

Inventory:

Hand Weapons
 E - a +6 glaive of venom (weapon)
Armour
 u - a +0 helmet of see invisible (worn)
 H - the cursed +0 chain mail of Niewug (worn) {+Fly rPois Dex-3 Slay+5}
   (You bought it in a shop on level 10 of the Dungeon)

   It affects your dexterity (-3).
   It affects your accuracy and damage with ranged weapons and melee attacks
   (+5).
   It protects you from poison.
   It lets you fly.
   It has a curse placed upon it.
Jewellery
 f - a ring of magical power (right hand)
 n - an uncursed amulet of rage
 q - a ring of poison resistance (left hand)
 r - an amulet of harm (around neck)
Wands
 D - a wand of disintegration (12)
 J - a wand of paralysis (2)
 K - a wand of random effects (16)
Scrolls
 d - 15 scrolls of teleportation
 e - a scroll of magic mapping
 h - 2 scrolls of identify
 i - 4 scrolls of blinking
 j - a scroll of enchant weapon
 o - 7 scrolls of remove curse
 v - 2 scrolls of enchant armour
 z - a scroll of fog
Potions
 a - a potion of brilliance
 g - 2 potions of mutation
 k - a potion of heal wounds
 l - 4 potions of curing
 m - 5 potions of haste
 p - 3 potions of berserk rage
 s - a potion of invisibility
 t - 2 potions of degeneration
 x - 2 potions of might
 A - a potion of flight {unknown}
 B - 2 potions of ambrosia
 C - a potion of agility {unknown}
 G - a potion of resistance {unknown}
Books
 w - a book of Geomancy

   Spells                             Type                      Level
   a - Sandblast                      Earth                        1
   b - Passwall                       Transmutation/Earth          2
   c - Stone Arrow                    Conjuration/Earth            3
   d - Petrify                        Transmutation/Earth          4
   e - Lee's Rapid Deconstruction     Earth                        5
   Trog disapproves of the use of such an item.
 y - a book of Flames

   Spells                             Type                      Level
   a - Flame Tongue                   Conjuration/Fire             1
   b - Throw Flame                    Conjuration/Fire             2
   c - Conjure Flame                  Conjuration/Fire             3
   d - Inner Flame                    Hexes/Fire                   3
   e - Sticky Flame                   Conjuration/Fire             4
   f - Fireball                       Conjuration/Fire             5
   Trog disapproves of the use of such an item.
Comestibles
 c - 30 rations


   Skills:
 - Level 11.0 Fighting
 + Level 16.8 Polearms
 - Level 1.3 Armour
 - Level 11.0 Dodging


You had 10 spell levels left.
You didn't know any spells.

Dungeon Overview and Level Annotations

Branches:
Dungeon (11/15)            Temple (0/1) D:7            Lair (0/6) D:10
    Orc (0/2) D:9

Altars:
Ashenzari
Gozag
Hepliaklqana
Kikubaaqudgha
Okawaru
Ru
Xom

Shops:
D:8 :   D:10 ?*


Message History

There is a stone staircase leading down here.
You are too injured to fight recklessly!
The gargoyle hurls a stone arrow at you.
The stone arrow hits you!
* * * LOW HITPOINT WARNING * * *
There is an open door here.
The wraith hits you.
* * * LOW HITPOINT WARNING * * *
You feel much better.
You destroy the wraith!
Trog accepts your kill.
You start resting.
The gargoyle hurls a stone arrow at you.
The stone arrow hits you!
* * * LOW HITPOINT WARNING * * *
The gargoyle hits you with a flail!
* * * LOW HITPOINT WARNING * * *
You feel yourself speed up. The gargoyle hits you with a flail!
You die...

#################################
.................................
..........#........###.......###.
..........#........# #.......# #.
..........#........# #.......# #.
..........#...##...###.......# #.
#'####....#..................###.
.....#....#.....@................
(....#......#####9#####..........
.....#......#.....>...###########
######.##...#..).................
.......##...#.............(.≈....
##.....##...#####....≈.........≈.
##....................≈≈..≈≈.≈≈≈.
......######........≈≈≈≈≈≈≈≈≈≈≈≈≈
......#....#.####..≈≈≈≈≈≈≈≈≈..≈≈≈


You could see a gargoyle.

Vanquished Creatures
  3 two-headed ogres (D:8)
  Pikel (D:7)
  The ghost of marsu the Covert, a novice VSAs of Dithmenos (D:7)
  The ghost of kroki the Cleaver, a novice FoFi of Okawaru (D:5)
  A troll (D:10)
  A hornet (D:8)
  A hippogriff (D:10)
  A shadow (D:11)
  A wraith (D:10)
  A spriggan (D:7)
  3 yaks (D:5)
  5 orc warriors
  A black bear (D:6)
  A necrophage (D:5)
  2 sky beasts
  2 centaurs
  2 phantoms
  8 ogres
  A crocodile (D:9)
  A wolf (D:10)
  2 big kobolds
  4 bullfrogs
  4 elf zombies (Ossuary)
  2 scorpions
  6 killer bees (D:8)
  2 electric eels (D:10)
  4 howler monkeys
  3 centaur zombies (Ossuary)
  2 crimson imps (D:9)
  A bullfrog zombie (D:11)
  A quasit (D:5)
  5 orc priests
  A gnoll shaman (D:8)
  2 centaur skeletons
  6 hounds
  5 human zombies (Ossuary)
  7 orc wizards
  2 bullfrog skeletons
  An iguana (D:4)
  5 worker ants
  A killer bee zombie (D:10)
  A hound skeleton (D:5)
  A hound zombie (D:5)
  3 mummies (Ossuary)
  2 worker ant zombies
  A howler monkey skeleton (D:4)
  3 gnolls (D:8)
  10 adders
  An adder skeleton (D:8)
  An adder zombie (D:8)
  A worm (D:3)
  2 dart slugs
  7 leopard geckos
  33 orcs
  5 bats
  3 giant cockroaches
  6 goblins
  9 hobgoblins
  9 jackals
  5 quokkas
  3 frilled lizards
  18 kobolds
  2 quokka skeletons (D:4)
  4 rats
234 creatures vanquished.

Vanquished Creatures (others)
  An orc wizard (D:6)
1 creature vanquished.

Grand Total: 235 creatures vanquished

Notes
Turn   | Place    | Note
-------+----------+-------------------------------------------
     0 | D:1      | Infinimo the Merfolk Berserker began the quest for the Orb.
     0 | D:1      | Reached XP level 1. HP: 18/18 MP: 1/1
   155 | D:1      | Reached skill level 5 in Polearms
   245 | D:1      | Reached XP level 2. HP: 24/24 MP: 2/2
   994 | D:2      | Reached skill level 6 in Polearms
   994 | D:2      | Reached XP level 3. HP: 26/29 MP: 3/3
  1136 | D:2      | Reached ** piety under Trog
  1370 | D:2      | Reached skill level 7 in Polearms
  1370 | D:2      | Reached XP level 4. HP: 13/35 MP: 4/4
  1929 | D:2      | Found a sacrificial altar of Ru.
  3195 | D:4      | Reached skill level 8 in Polearms
  3195 | D:4      | Reached XP level 5. HP: 34/41 MP: 5/5
  3325 | D:4      | Found a shimmering altar of Xom.
  3325 | D:4      | Found an ancient bone altar of Kikubaaqudgha.
  3534 | D:4      | Noticed an ogre
  3552 | D:4      | Killed an ogre
  3552 | D:4      | Reached skill level 9 in Polearms
  3552 | D:4      | Reached XP level 6. HP: 47/47 MP: 6/6
  3636 | D:4      | Reached *** piety under Trog
  3636 | D:4      | Reached skill level 10 in Polearms
  4001 | D:5      | Entered Level 5 of the Dungeon
  4053 | D:5      | Noticed a necrophage
  4057 | D:5      | Killed a necrophage
  4057 | D:5      | Reached XP level 7. HP: 52/52 MP: 7/7
  4145 | D:5      | Noticed kroki's ghost (novice FoFi)
  4174 | D:5      | Killed kroki's ghost
  4174 | D:5      | Reached skill level 12 in Polearms
  4174 | D:5      | Reached XP level 8. HP: 26/58 MP: 8/8
  4394 | D:5      | Found a shattered altar of Ashenzari.
  4797 | D:5      | Found a hazy altar of Hepliaklqana.
  4806 | D:5      | Found an iron altar of Okawaru.
  4855 | D:5      | Noticed a yak
  4856 | D:5      | Noticed a yak
  4861 | D:5      | Noticed a yak
  4873 | D:5      | Killed a yak
  4873 | D:5      | Reached skill level 5 in Fighting
  4890 | D:5      | Killed a yak
  4897 | D:5      | Killed a yak
  5207 | D:6      | Found a shattered altar of Ashenzari.
  5224 | D:6      | Reached XP level 9. HP: 74/74 MP: 9/9
  5387 | D:6      | Found a sand-covered staircase.
  5627 | Ossuary  | Entered an ossuary
  5932 | Ossuary  | Reached skill level 10 in Fighting
  6369 | D:7      | Noticed marsu's ghost (novice VSAs)
  6379 | D:7      | Killed marsu's ghost
  6552 | D:7      | Reached skill level 13 in Polearms
  6802 | D:7      | Noticed Pikel
  6817 | D:7      | Killed Pikel
  6817 | D:7      | Reached skill level 14 in Polearms
  6817 | D:7      | Reached XP level 10. HP: 82/87 MP: 10/10
  6845 | D:7      | Found a staircase to the Ecumenical Temple.
  7365 | D:8      | Found an opulent altar of Gozag.
  7416 | D:8      | Reached **** piety under Trog
  7631 | D:8      | Reached skill level 5 in Dodging
  7661 | D:8      | Found Veixavay's Book Boutique.
  7729 | D:8      | Noticed a two-headed ogre
  7729 | D:8      | Noticed a two-headed ogre
  7748 | D:8      | Killed a two-headed ogre
  7754 | D:8      | Killed a two-headed ogre
  8245 | D:8      | Noticed a two-headed ogre
  8251 | D:8      | Killed a two-headed ogre
  8251 | D:8      | Reached skill level 10 in Dodging
  8373 | D:8      | Reached XP level 11. HP: 93/93 MP: 11/11
  8838 | D:9      | Reached ***** piety under Trog
  8843 | D:9      | Reached skill level 15 in Polearms
  8848 | D:9      | Found a staircase to the Orcish Mines.
  8894 | D:9      | Received a gift from Trog
  9670 | D:10     | Entered Level 10 of the Dungeon
  9751 | D:10     | Reached skill level 16 in Polearms
 10396 | D:10     | Found a staircase to the Lair.
 10700 | D:10     | Found Zoeceicu's Assorted Antiques.
 10708 | D:10     | Bought a faintly glowing chain mail for 275 gold pieces
 10708 | D:10     | Bought a scroll labeled JIOBBA QISASTRA for 29 gold pieces
 10708 | D:10     | Bought a black potion for 26 gold pieces
 10708 | D:10     | Bought an encrusted fluorescent wand for 116 gold pieces
 10708 | D:10     | Bought a long glass wand for 116 gold pieces
 10718 | D:10     | Identified the cursed +0 chain mail of Niewug {+Fly rPois Dex-3 Slay+5} (You bought it in a shop on level 10 of the Dungeon)
 10748 | D:10     | Found Vadurhir's Magic Scroll Emporium.
 10779 | D:10     | Found an opulent altar of Gozag.
 11093 | D:11     | Noticed a deep elf mage
 11110 | D:10     | Slain by a gargoyle

Vault maps used:
D:1:      dpeg_arrival_snail, st_stairs_12
D:2:      nicolae_ru_path_of_blood
D:4:      kennysheep_big_flooded_room, gammafunk_temple_overflow_elements,
          first_ration, serial_glass, glass_columns_b, glass_columns_a,
          glass_columns_a, glass_columns_a, glass_columns_a, glass_columns_a
D:5:      kennysheep_mini_moat, basic_altar, okawaru_metal_pillars_1_2
D:6:      ashenzari_conservatory_becter, enter_ossuary_5, minmay_statues_item
D:7:      minmay_temple_entry_hall, the_bakery, kennysheep_generic_room_9,
          uniq_pikel
D:8:      serial_shops, nicolae_shop_crystal,
          nicolae_gozag_cash_rules_everything_around_me
D:9:      orc_david_3
D:10:     erik_lair_island, serial_shops, shop, nicolae_shop_overgrown_old_shop,
          basic_altar
Ossuary:  ossuary_minmay_four_chambers

Skill      XL: |  1  2  3  4  5  6  7  8  9 10 11 |
---------------+----------------------------------+-----
Polearms       | 5 6 7 8 9 10 12 14 16 | 16.8
Fighting       | 8 11 | 11.0
Dodging        | 11 | 11.0
Armour         | |  1.3

Action                   |  1- 3 |  4- 6 |  7- 9 | 10-12 || total
-------------------------+-------+-------+-------+-------++-------
Melee: Spear             |   111 |   209 |    99 |       ||   419
       Trident           |       |       |   240 |   122 ||   362
       Tailslap          |       |       |     2 |       ||     2
       Halberd           |       |       |       |    86 ||    86
       Glaive            |       |       |       |    83 ||    83
Invok: Berserk           |       |     2 |     4 |     2 ||     8
  Use: Scroll            |       |     8 |     6 |    10 ||    24
       Potion            |       |     2 |       |     2 ||     4
 Stab: Sleeping          |       |     1 |     2 |     2 ||     5
  Eat: Chunk             |     1 |    10 |    10 |    15 ||    36
       Ration            |       |       |     1 |       ||     1
Armor: Animal skin       |    19 |    48 |    37 |    20 ||   124
       Skin              |       |    28 |       |       ||    28
       Chain mail        |       |       |       |     4 ||     4
Dodge: Dodged            |    63 |   123 |    67 |   133 ||   386

Table legend:
 A = Spawn XP
 B = Non-spawn XP
 C = Spawn XP percentage of total XP
 D = Spawn monster count
 E = Non-spawn monster count
 F = Spawn count percentage of total count
 G = Total turns spent on level
                    A         B        C        D         E        F      G
               +---------+---------+-------+---------+---------+-------+---------
         Total |       0 |   13819 |   0.0 |       0 |     234 |   0.0 | 11110
               +---------+---------+-------+---------+---------+-------+---------
           D:1 |       0 |      24 |   0.0 |       0 |      13 |   0.0 |   978
           D:2 |       0 |      69 |   0.0 |       0 |      19 |   0.0 |  1016
           D:3 |       0 |      32 |   0.0 |       0 |      15 |   0.0 |   962
           D:4 |       0 |     315 |   0.0 |       0 |      18 |   0.0 |  1045
           D:5 |       0 |    1623 |   0.0 |       0 |      21 |   0.0 |  1084
           D:6 |       0 |     636 |   0.0 |       0 |      17 |   0.0 |   637
           D:7 |       0 |    1790 |   0.0 |       0 |      11 |   0.0 |  1034
           D:8 |       0 |    4339 |   0.0 |       0 |      49 |   0.0 |  1378
           D:9 |       0 |    1797 |   0.0 |       0 |      36 |   0.0 |  1319
          D:10 |       0 |    2149 |   0.0 |       0 |      18 |   0.0 |  1083
          D:11 |       0 |     269 |   0.0 |       0 |       2 |   0.0 |    10
       Ossuary |       0 |     776 |   0.0 |       0 |      15 |   0.0 |   564
               +---------+---------+-------+---------+---------+-------+---------
